 Dungeon Crawl Stone Soup version 0.26-a0-667-g92642533e4 (webtiles) character file.

Game seed: 16188463321751345710

15589 Napalmbreeze the Fighter (level 12, -10/115 HPs)
             Began as a Minotaur Gladiator on Oct 16, 2020.
             Was the Champion of Okawaru.
             Mangled by a boulder beetle (20 damage)
             ... on level 12 of the Dungeon.
             The game lasted 00:19:09 (12329 turns).

Napalmbreeze the Fighter (Minotaur Gladiator)      Turns: 12329, Time: 00:19:10

Health: -10/115    AC: 27    Str: 18    XL:     12   Next: 2%
Magic:  9/14       EV: 13    Int:  5    God:    Okawaru [******]
Gold:   275        SH:  7    Dex: 18    Spells: 11/11 levels left

rFire    . . .     SeeInvis .   a - +1 war axe
rCold    . . .     Faith    .   F - +0 buckler
rNeg     . . .     Spirit   .   s - +0 plate armour
rPois    .         Reflect  .   D - +2 hood of the Assassin {Detection Stab+ Stlth++}
rElec    .         Harm     .   x - +0 cloak
rCorr    .         Rampage  .   g - +0 pair of gloves
MR       +....                  o - +0 pair of boots
Stlth    +.........             (no amulet)
HPRegen  0.29/turn              j - +4 ring of protection
MPRegen  0.14/turn              c - ring of protection from magic

@: heroism, finesse
A: retaliatory headbutt, horns 2
a: Heroism, Finesse, Renounce Religion


You were on level 12 of the Dungeon.
You worshipped Okawaru.
Okawaru was exalted by your worship.
You visited 2 branches of the dungeon, and saw 13 of its levels.

You collected 792 gold pieces.
You spent 517 gold pieces at shops.

Inventory:

Hand Weapons
 a - a +1 war axe (weapon)
 H - a +1 flail of protection
 N - a +1 battleaxe of freezing
Missiles
 d - 4 throwing nets (quivered)
 q - 23 poisoned darts
 E - 8 javelins
Armour
 g - a +0 pair of gloves (worn)
 o - a +0 pair of boots (worn)
 s - a +0 plate armour (worn)
 x - a +0 cloak (worn)
 D - the +2 hood of the Assassin (worn) {Detection Stab+ Stlth++}
   (You found it on level 6 of the Dungeon)

   It makes you much more stealthy.
 F - a +0 buckler (worn)
Jewellery
 c - a ring of protection from magic (right hand)
 j - a +4 ring of protection (left hand)
 B - an uncursed ring of positive energy
 C - an uncursed ring of resist corrosion
 O - an uncursed ring of see invisible
Wands
 y - a wand of disintegration (21)
Scrolls
 f - 3 scrolls of teleportation
 k - a scroll of fog
 l - 3 scrolls of magic mapping
 n - a scroll of holy word {unknown}
 p - 4 scrolls of remove curse
 w - 3 scrolls of amnesia
 G - a scroll of enchant armour
 J - 3 scrolls of enchant weapon
 M - a scroll of fear {unknown}
 P - a scroll of identify
Potions
 b - 2 potions of might
 h - a potion of mutation
 i - a potion of haste
 m - 5 potions of stabbing
 r - a potion of berserk rage {unknown}
 t - 4 potions of flight
 u - a potion of resistance {unknown}
 v - 3 potions of brilliance
 z - a potion of invisibility {unknown}
 A - 2 potions of curing
 I - a potion of ambrosia
 L - 2 potions of cancellation
Miscellaneous
 K - a phantom mirror


   Skills:
 + Level 13.5(18.5) Fighting
 * Level 13.3(18.4) Axes
 - Level 2.0(14.1) Maces & Flails
 - Level 2.7(7.7) Throwing
 - Level 9.0(14.0) Armour
 - Level 7.0(12.0) Dodging
 - Level 4.0(9.0) Shields
 + Level 4.6 Invocations


You had 11 spell levels left.
You didn't know any spells.
Your spell library contained the following spells:

 Spells                   Type           Power        Failure   Level
 Sting                    Tmut/Pois      #...         100%        1
 Poisonous Vapours        Pois/Air       #.....       100%        2
 Gell's Gravitas          Tloc           #.........   100%        3
 Ignite Poison            Fire/Tmut/Pois #.......     100%        3
 Mephitic Cloud           Conj/Pois/Air  #.......     100%        3
 Portal Projectile        Hex/Tloc       #.....       100%        3
 Olgreb's Toxic Radiance  Pois           #.......     100%        4
 Dispersal                Tloc           #.........   100%        6
 Disjunction              Tloc           #.........   100%        8


Dungeon Overview and Level Annotations

Branches:
Dungeon (12/15)            Temple (1/1) D:4            Lair (0/6) D:9
    Orc: D:9-12

Altars:
Ashenzari
Dithmenos
Elyvilon
Fedhas
Gozag
Hepliaklqana
Kikubaaqudgha
Nemelex Xobeh
Okawaru
Qazlal
Ru
Sif Muna
Trog
Xom
Yredelemnul
Zin

Shops:
D:4 }   D:6 !   D:8 *

Annotations:
D:5 3 runed translucent doors, funnypoop's ghost, novice HOFi


Innate Abilities, Weirdness & Mutations

You reflexively headbutt those who attack you in melee.
You have a pair of horns on your head.


Message History

You hit the boulder beetle.
You headbutt the boulder beetle, but do no damage.
The boulder beetle is moderately wounded.
You hit the boulder beetle but do no damage.
You headbutt the boulder beetle.
The boulder beetle is moderately wounded.
You completely miss the boulder beetle.
You headbutt the boulder beetle, but do no damage.
The boulder beetle is moderately wounded.
The boulder beetle bites you!
* * * LOW HITPOINT WARNING * * *
You hit the boulder beetle but do no damage.
You headbutt the boulder beetle!
The boulder beetle is heavily wounded.
Unknown command.
You feel better.
The boulder beetle blinks!
The boulder beetle curls into a ball and begins rolling!
Unknown command.
The boulder beetle hits you!!
You die...

#... ... #... ....
#...#####+#....
#..............
###.............
...........o#
...###'#○..#
####+###...#...#
#.#...@B.....#...#
#.+...)(○....#B..#
#.#......○...#...#
#.#..........#...#
#.#..........#...+
#.#####'######...#
#..............
#..............
#<.....######..


You could see a boulder beetle.

Vanquished Creatures
  A frost giant (D:11)
  A rakshasa (D:11)
  Erolcha (D:9)
  A centaur warrior (D:11)
  3 two-headed ogres
  A deep troll earth mage (D:11)
  An unseen horror (D:10)
  A phantasmal warrior (D:11)
  An ugly thing (D:12)
  The ghost of hypergardens the Covert, a novice SpEn of Gozag (D:10)
  A gargoyle (D:10)
  A troll (D:9)
  A hornet (D:9)
  Grinder (D:4)
  A wraith (D:10)
  3 wyverns (D:9)
  15 yaks
  Eustachio (D:6)
  Menkaure (D:4)
  An acid dragon (D:11)
  4 water moccasins
  Edmund (D:5)
  3 ice beasts
  An orc warrior (D:9)
  2 black bears (D:9)
  A phantom (D:11)
  2 necrophages (D:9)
  2 ogres
  A centaur (D:7)
  A big kobold (D:10)
  9 bullfrogs
  A gnoll sergeant (D:9)
  3 scorpions
  6 wights
  A bullfrog zombie (D:8)
  2 centaur skeletons (D:10)
  5 hounds
  3 orc priests
  4 bullfrog skeletons
  4 jellies
  Crazy Yiuf (D:5)
  5 iguanas
  6 worker ants
  4 orc wizards
  A hound zombie (D:7)
  A worker ant zombie (D:7)
  Robin (D:3)
  12 gnolls
  9 adders
  2 shadow imps (D:7)
  A white imp (D:5)
  6 ufetubi
  3 adder skeletons
  2 worms
  4 dart slugs
  6 leopard geckos
  35 orcs
  7 giant cockroaches
  21 goblins
  10 hobgoblins
  14 jackals
  13 kobolds
  3 quokkas
  3 ball pythons
  4 bats
  4 frilled lizards
  7 rats
279 creatures vanquished.

Vanquished Creatures (others)
  A bush (D:9)
  2 fungi (D:9)
  20 plants (D:9)
23 creatures vanquished.

Grand Total: 302 creatures vanquished

Notes
Turn   | Place    | Note
-------+----------+-------------------------------------------
     0 | D:1      | Napalmbreeze the Minotaur Gladiator began the quest for the
                  | Orb.
     0 | D:1      | Reached XP level 1. HP: 18/18 MP: 0/0
   322 | D:1      | Reached XP level 2. HP: 25/25 MP: 1/1
   792 | D:2      | Reached XP level 3. HP: 29/31 MP: 2/2
  1284 | D:2      | Reached skill level 1 in Armour
  1284 | D:2      | Reached XP level 4. HP: 38/38 MP: 3/3
  1840 | D:4      | Found a shadowy altar of Dithmenos.
  1867 | D:4      | Noticed Menkaure
  1872 | D:4      | Killed Menkaure
  1872 | D:4      | Reached skill level 5 in Axes
  1872 | D:4      | Reached XP level 5. HP: 27/46 MP: 4/4
  2019 | D:4      | Noticed Grinder
  2031 | D:4      | Paralysed by Grinder for 4 turns
  2042 | D:4      | Killed Grinder
  2042 | D:4      | Reached skill level 5 in Dodging
  2042 | D:4      | Reached XP level 6. HP: 48/55 MP: 5/5
  2082 | D:4      | Found a staircase to the Ecumenical Temple.
  2092 | Temple   | Entered the Ecumenical Temple
  2164 | Temple   | Became a worshipper of Warmaster Okawaru
  2222 | D:4      | Found Futwihef's Gadget Emporium.
  2275 | D:3      | Reached skill level 5 in Fighting
  2499 | D:3      | Noticed Robin
  2515 | D:3      | Killed Robin
  2515 | D:3      | Reached XP level 7. HP: 54/61 MP: 6/6
  2863 | D:4      | Reached skill level 1 in Invocations
  2974 | D:5      | Entered Level 5 of the Dungeon
  3136 | D:5      | You fall into a shaft and drop 1 floor!
  3202 | D:5      | Noticed Edmund
  3205 | D:5      | Reached * piety under Okawaru
  3205 | D:5      | Reached skill level 5 in Armour
  3336 | D:5      | Killed Edmund
  3467 | D:5      | Reached XP level 8. HP: 55/68 MP: 9/9
  3743 | D:5      | Found a runed translucent gate.
  3743 | D:5      | Found a runed translucent gate.
  3743 | D:5      | Found a runed translucent gate.
  3744 | D:5      | Noticed funnypoop's ghost (novice HOFi)
  3744 | D:5      | Identified the cursed +1 whip of Excruciating Pain {pain,
                  | Dex+2}
  3831 | D:5      | Found a runed translucent door.
  3832 | D:5      | Noticed Crazy Yiuf
  4046 | D:5      | Killed Crazy Yiuf
  4303 | D:6      | Noticed Eustachio
  4343 | D:6      | Killed Eustachio
  4569 | D:6      | Found the +2 hood of the Assassin {Detection Stab+ Stlth++}
  4895 | D:6      | Found Icwinuat's Distillery.
  4974 | D:6      | Bought a potion of flight for 45 gold pieces
  4974 | D:6      | Bought a potion of flight for 45 gold pieces
  4974 | D:6      | Bought a potion of curing for 45 gold pieces
  4974 | D:6      | Bought a potion of heal wounds for 75 gold pieces
  4974 | D:6      | Bought a potion of might for 60 gold pieces
  4974 | D:6      | Bought a potion of brilliance for 60 gold pieces
  4990 | D:6      | Reached ** piety under Okawaru
  5078 | D:6      | Found an opulent altar of Gozag.
  5233 | D:7      | Found a bloodstained altar of Trog.
  5404 | D:7      | Reached XP level 9. HP: 56/78 MP: 10/10
  5951 | D:8      | Found a hazy altar of Hepliaklqana.
  6488 | D:8      | Found Cocimaw's Assorted Antiques.
  6496 | D:8      | Bought a buckler for 153 gold pieces
  6496 | D:8      | Bought a scroll labeled CONNIS KAIX JODAG for 34 gold
                  | pieces
  6862 | D:9      | Noticed Erolcha
  6994 | D:9      | Reached *** piety under Okawaru
  6994 | D:9      | Reached skill level 1 in Shields
  7000 | D:9      | Reached skill level 10 in Axes
  7042 | D:9      | Reached XP level 10. HP: 35/91 MP: 8/11
  7045 | D:9      | Reached **** piety under Okawaru
  7050 | D:9      | Reached skill level 10 in Fighting
  8023 | D:9      | Found a staircase to the Lair.
  8346 | D:9      | Found a staircase to the Lair.
  8544 | D:9      | Killed Erolcha
  8791 | D:10     | Entered Level 10 of the Dungeon
  8975 | D:10     | Noticed a gargoyle
  8998 | D:10     | Killed a gargoyle
  8998 | D:10     | Reached ***** piety under Okawaru
  9129 | D:10     | Noticed a two-headed ogre
  9136 | D:10     | Killed a two-headed ogre
  9136 | D:10     | Reached XP level 11. HP: 77/105 MP: 9/12
  9144 | D:10     | Received a gift from Okawaru
  9151 | D:10     | Killed an unseen horror
  9300 | D:10     | Found a large runed translucent door.
  9300 | D:10     | Found a large runed translucent door.
  9302 | D:10     | Noticed hypergardens's ghost (novice SpEn)
  9311 | D:10     | Killed hypergardens's ghost
 10560 | D:11     | Found a runed translucent door.
 10560 | D:11     | Noticed a rakshasa
 10567 | D:11     | Noticed a phantasmal warrior
 10567 | D:11     | Noticed a phantasmal warrior
 10572 | D:11     | Killed a rakshasa
 10590 | D:11     | Killed a phantasmal warrior
 10594 | D:11     | Noticed a two-headed ogre
 10605 | D:11     | Killed a two-headed ogre
 10707 | D:11     | Noticed a centaur warrior
 10716 | D:11     | Killed a centaur warrior
 10718 | D:11     | Noticed a deep troll earth mage
 10718 | D:11     | Noticed a frost giant
 10780 | D:11     | Killed a deep troll earth mage
 10780 | D:11     | Received a gift from Okawaru
 11278 | D:11     | Killed a frost giant
 11278 | D:11     | Received a gift from Okawaru
 11278 | D:11     | Reached ****** piety under Okawaru
 11920 | D:12     | Noticed a purple ugly thing
 11929 | D:12     | Killed a purple ugly thing
 11976 | D:12     | Noticed a two-headed ogre
 11988 | D:12     | Killed a two-headed ogre
 11988 | D:12     | Reached XP level 12. HP: 30/115 MP: 14/14
 12298 | D:12     | Noticed a boulder beetle
 12315 | D:12     | HP: 2/115 [boulder beetle (31)]
 12324 | D:12     | HP: 2/115 [boulder beetle (12)]
 12329 | D:12     | Mangled by a boulder beetle

Illustrated notes

Levels and vault maps discovered:
D:1:      lightli_molten_gateway, layout_basic
D:2:      layout_loops_ring, minmay_tromino_v4_a
D:3:      layout_basic, uniq_robin
D:4:      cheibrodos_greedy_goblins, layout_rooms, minmay_temple_entry_tees,
          serial_shops, kennysheep_little_box, chequers_serial_rivers_micro_a,
          serial_park_tiny_pond, nicolae_dithmenos_the_darkroom, uniq_grinder,
          uniq_menkaure
D:5:      layout_rooms, gammafunk_ghost_nasty_kobolds, uniq_crazy_yiuf_cottage,
          uniq_edmund
D:6:      layout_basic, serial_shops, nicolae_shop_waterfront,
          corexii_checkpoint_b, grunt_gozag_breadcrumbs, uniq_eustachio
D:7:      layout_basic, bloody_trog
D:8:      layout_cave_pods, old_standard_altar, serial_shops, shop
D:9:      layout_roguey, minmay_lair_entry_grove, uniq_erolcha
D:10:     layout_basic, ebering_ghost_disaster_area
D:11:     layout_gridville, serial_co_window_serial, co_window_corner_a,
          co_window_corner_a, co_window_paths_a, co_window_paths_b,
          co_window_paths_b, co_window_broadway_b, co_window_broadway_a,
          co_window_unsneaky_path_e, co_window_2corner, co_window_broadway_b,
          co_window_broadway_c, co_window_corner_ca, minivault_13
D:12:     layout_irregular_city, minmay_orc_entry_temple_small
Temple:   regret_index_temple_sigil_plot

Skill      XL: |  1  2  3  4  5  6  7  8  9 10 11 |
---------------+----------------------------------+-----
Axes           | 4 5 6 7 9 10 13 | 13.3
Fighting       | 3 4 5 6 9 12 13 | 13.5
Dodging        | 4 5 6 7 |  7.0
Armour         | 1 2 3 4 5 6 7 9 |  9.0
Invocations    | 3 4 |  4.6
Shields        | 4 |  4.0
Maces & Flails | 2 |  2.0
Throwing       | |  2.7

Action                   |  1- 3 |  4- 6 |  7- 9 | 10-12 || total
-------------------------+-------+-------+-------+-------++-------
Melee: War axe           |    57 |    70 |   386 |   324 ||   837
       Headbutt          |     7 |    11 |    84 |    90 ||   192
Throw: Throwing net      |       |     2 |       |     3 ||     5
Invok: Heroism           |       |       |     2 |    11 ||    13
       Finesse           |       |       |       |     2 ||     2
  Use: Scroll            |       |       |     9 |     7 ||    16
       Potion            |       |       |       |     3 ||     3
 Stab: Sleeping          |     1 |       |       |       ||     1
Armor: Leather armour    |    14 |       |       |       ||    14
       Chain mail        |    13 |    60 |   203 |       ||   276
       Plate armour      |       |       |    70 |   176 ||   246
Dodge: Dodged            |    29 |    50 |   191 |   132 ||   402
Block: Buckler           |       |       |    12 |    80 ||    92

Table legend: (Time is in decaauts)
 A = Elapsed time spent in this place.
 B = Non-inter-level travel time spent in this place.
 C = Inter-level travel time spent in this place.
 D = Time resting spent in this place.
 E = Time spent auto-exploring this place.
 F = Levels seen in this place.
 G = Mean time per level.
                   A        B        C        D        E       F      G
               +--------+--------+--------+--------+--------+-----+--------+
         Total |  12338 |  11506 |    832 |   2281 |   7002 |  13 |  949.1 |
       Dungeon |  12246 |  11436 |    810 |   2281 |   6946 |  12 | 1020.5 |
        Temple |     92 |     70 |     22 |      0 |     56 |   1 |   92.0 |
               +--------+--------+--------+--------+--------+-----+--------+

Top non-repeatable levels by time:
    D:11: 2484 daAuts
     D:9: 1865 daAuts
     D:6: 1068 daAuts
     D:5: 1045 daAuts
     D:8: 951 daAuts
     D:2: 948 daAuts
     D:1: 796 daAuts
    D:10: 796 daAuts
     D:4: 790 daAuts
     D:7: 766 daAuts
     D:3: 529 daAuts
    D:12: 202 daAuts
  Temple: 92 daAuts
